 Dungeon Crawl Stone Soup version 0.29.1 (webtiles) character file.

Game seed: 6976109992085666175

200371 LabCoat the Executioner (level 18, -1/255 HPs)
             Began as a Hill Orc Fighter on Sept 11, 2022.
             Was a High Priest of Trog.
             Succumbed to a guardian serpent's bolt of poison
             ... on level 4 of the Snake Pit on Sept 13, 2022.
             The game lasted 03:31:46 (48887 turns).

LabCoat the Executioner (Hill Orc Fighter)         Turns: 48887, Time: 03:31:48

Health: -1/255     AC: 31    Str: 27    XL:     18   Next: 51%
Magic:  12/16      EV:  6    Int:  8    God:    Trog [*****.]
Gold:   554        SH:  5    Dex:  6    Spells: 17/17 levels left

rFire   . . .      SeeInvis .   o - +1 executioner's axe (freeze)
rCold   + + .      Faith    .   (shield currently unavailable)
rNeg    + . .      Spirit   .   t - +18 Lear's hauberk
rPois   .          Reflect  +   (helmet currently unavailable)
rElec   .          Harm     .   A - +2 cloak
rCorr   .          Rampage  .   (gloves currently unavailable)
Will    +....                   (boots currently unavailable)
Stlth   ..........              p - amulet of reflection
HPRegen 0.52/turn               J - ring of protection from cold
MPRegen 0.15/turn               v - ring of Traps {rC+ rN+}

@: mighty, berserking, lethally poisoned (-1 -> -37), constricted, very quick
A: clumsy 2, deformed body, low MP 1
}: 1/15 runes: decaying
a: Renounce Religion, Berserk, Trog's Hand, Brothers in Arms


You were on level 4 of the Snake Pit.
You worshipped Trog.
Trog was extremely pleased with you.
You visited 6 branches of the dungeon, and saw 31 of its levels.
You also visited: Ossuary and Ice Cave.

You collected 2459 gold pieces.
You spent 1905 gold pieces at shops.

Inventory:

Hand Weapons
 o - a +1 executioner's axe of freezing (weapon)
 O - a +4 broad axe of flaming
 P - a +0 spectral battleaxe
 Q - a +1 executioner's axe of flaming
 V - a +3 war axe of electrocution
 Z - a +1 eveningstar of holy wrath
Missiles
 n - 19 poisoned darts
 B - 19 boomerangs (quivered)
 G - 6 javelins
 T - 2 silver javelins
Armour
 a - a +3 plate armour
 b - a +0 pair of gloves of infusion
 c - a +1 tower shield of reflection
 h - a +0 helmet
 k - +0 swamp dragon scales
 m - a +0 pair of boots
 t - the +18 Lear's hauberk (worn)
   (You acquired it on level 2 of the Lair of Beasts)
 A - a +2 cloak (worn)
Jewellery
 j - a ring of flight
 p - an amulet of reflection (around neck)
 q - an amulet of guardian spirit
 v - the ring of Traps (right hand) {rC+ rN+}
   (You found it on level 2 of the Swamp)

   [ring of protection from cold]

   rC:        It protects you from cold.
   rN:        It protects you from negative energy.
 F - a ring of protection from fire
 J - a ring of protection from cold (left hand)
 K - a ring of resist corrosion
 S - a ring of see invisible
Wands
 f - a wand of mindburst (11)
 l - a wand of flame (5)
 y - a wand of charming (45)
 D - a wand of polymorph (10)
 E - a wand of quicksilver (21)
 R - a wand of iceblast (2)
Scrolls
 d - 3 scrolls of poison
 e - 7 scrolls of enchant weapon
 g - 3 scrolls of silence
 i - 13 scrolls of teleportation
 H - 2 scrolls of blinking
 I - 4 scrolls of enchant armour
 N - a scroll of vulnerability
 U - 4 scrolls of fear
 Y - 2 scrolls of magic mapping
Potions
 r - 2 potions of haste
 s - 10 potions of curing
 u - a potion of invisibility
 x - 2 potions of magic
 z - 3 potions of resistance
 L - 6 potions of might
 M - 2 potions of cancellation
 X - a potion of ambrosia
Miscellaneous
 C - a lightning rod (4/4)


   Skills:
 * Level 17.6 Fighting
 - Level 24.0 Axes
 - Level 5.1 Throwing
 + Level 15.7 Armour
 + Level 15.8 Shields
 + Level 10.6 Evocations


You had 17 spell levels left.
You didn't know any spells.
Your spell library contained the following spells:

 Spells                   Type           Power      Damage    Failure   Level
 Apportation              Tloc           0%         N/A       83%         1
 Foxfire                  Conj/Fire      0%         2x1d4     83%         1
 Necrotise                Necr           0%         1d4       83%         1
 Summon Small Mammal      Summ           0%         N/A       83%         1
 Ensorcelled Hibernation  Hex/Ice        0%         N/A       93%         2
 Passwall                 Tmut/Erth      0%         N/A       93%         2
 Poisonous Vapours        Pois/Air       0%         N/A       93%         2
 Scorch                   Fire           0%         2d5       93%         2
 Sublimation of Blood     Necr           0%         N/A       93%         2
 Wereblood                Tmut           0%         N/A       93%         2
 Conjure Flame            Conj/Fire      0%         6-21      99%         3
 Inner Flame              Hex/Fire       0%         N/A       99%         3
 Ozocubu's Armour         Ice            0%         N/A       99%         3
 Swiftness                Air            0%         N/A       99%         3
 Tukima's Dance           Hex            0%         N/A       99%         3
 Anguish                  Hex/Necr       0%         N/A       100%        4
 Corpse Rot               Necr/Pois/Air  0%         N/A       100%        4
 Flame Wave               Conj/Fire      0%         2d4       100%        4
 Ice Form                 Ice/Tmut       0%         N/A       100%        4
 Passage of Golubria      Tloc           0%         N/A       100%        4
 Petrify                  Tmut/Erth      0%         N/A       100%        4
 Summon Ice Beast         Ice/Summ       0%         N/A       100%        4
 Irradiate                Conj/Tmut      0%         3d11      100%        5
 Lee's Rapid Deconstruct  Erth           0%         3d5*      100%        5
 Yara's Violent Unravell  Hex/Tmut       0%         3d3       100%        5
 Summon Cactus Giant      Summ           0%         N/A       100%        6
 Enfeeble                 Hex            0%         N/A       100%        7
 Ozocubu's Refrigeration  Ice            0%         4d7       100%        7
 Summon Hydra             Summ           0%         N/A       100%        7


Dungeon Overview and Level Annotations

Branches:
Dungeon (15/15)            Temple (1/1) D:4            Lair (5/5) D:8
  Swamp (4/4) Lair:2        Snake (4/4) Lair:3        Slime (0/5) Lair:4
    Orc (2/2) D:11            Elf (0/3) Orc:2        Vaults (0/5) D:14
 Depths (0/4) D:15        Ossuary (visited)           IceCv (visited)

Altars:
Ashenzari
Cheibriados
Dithmenos
Elyvilon
Fedhas
Gozag
Hepliaklqana
Kikubaaqudgha
Makhleb
Nemelex Xobeh
Okawaru
Qazlal
Ru
Sif Muna
Trog
Uskayaw
Vehumet
Wu Jian
Xom
Yredelemnul
Zin
The Shining One
Jiyva

Shops:
D:2 :   D:3 *   D:14 *   Orc:1 !   Orc:2 *![=

Portals:
Pandemonium: Orc:2

Annotations:
Lair:1 2 transporters
Snake:3 2 transporters, Zeus21348's ghost, adept HOFi


Innate Abilities, Weirdness & Mutations

You are very clumsy. (Dex -4)
Armour fits poorly on your strangely shaped body.
Your magical capacity is low. (-10% MP)


Message History

The bolt of poison hits you but does no damage.
You are poisoned.
The bolt of poison hits the naga ritualist.
The naga warrior spits poison at you. The splash of poison hits you!
You are more poisoned.
* * * LOW HITPOINT WARNING * * *
The naga warrior constricts you.
The naga ritualist hits you with a +0 long sword!
* * * LOW HITPOINT WARNING * * *
The naga warrior blocks your attack.
The naga warrior is heavily wounded.
You closely miss the naga ritualist. You closely miss the guardian serpent.
You feel very sick. The guardian serpent hits you!
* * * LOW HITPOINT WARNING * * *
You are too berserk!
The naga warrior blocks your attack.
The naga warrior is heavily wounded.
You miss the guardian serpent. You slash the naga ritualist!
You freeze the naga ritualist.
You feel sick. The naga warrior completely misses you.
The naga warrior constricts you.
* * * LOW HITPOINT WARNING * * *
The naga ritualist spits poison at you. The splash of poison hits you.
You are more poisoned.
* * * LOW HITPOINT WARNING * * *
The guardian serpent coils itself and waves its upper body at you.
The bolt of poison hits you!
You are more poisoned.
* * * LOW HITPOINT WARNING * * *
The bolt of poison hits the naga ritualist.
You are too berserk!
The naga warrior blocks your attack.
The naga warrior is heavily wounded.
You closely miss the guardian serpent. You slice the naga ritualist!!
You freeze the naga ritualist.
You kill the naga ritualist!
Trog accepts your kill.
You die...

.............##
..............#
..............#..
.............#...
#..............####
#.........##.##..# ###
#..†)S.##.......
##.##.#.)@###........ ##
.......))N.........# ..#
##......###........#. ...#
#......###........... ....#
#.......##........##
.....###.......##........# .
...............##.......## ..
........##......###....## ...
.......####.......##)####....


You could see a naga warrior and a guardian serpent.

Vanquished Creatures
  Rupert (D:13)
  Mlioglotl (Swamp:1)
  A tentacled monstrosity (Swamp:3)
  Kirke (Swamp:3)
  Gastronok (D:11)
  A thorn hunter (Swamp:3)
  A nagaraja (Snake:4)
  2 azure jellies
  A fenstrider witch (Swamp:1)
  Louise (Snake:1)
  Nessos (D:12)
  10 eleionomae
  Azrael (D:15)
  3 bunyips
  Snorg (D:12)
  Josephine (Orc:1)
  A shambling mangrove (Swamp:3)
  8 vault guards (D:14)
  Erolcha (D:10)
  2 ice dragons (Swamp:4)
  A ghost crab (Swamp:2)
  2 salamander tyrants (Snake:2)
  2 demonspawn (Orc:2)
  A catoblepas (Lair:3)
  3 caustic shrike simulacra (IceCv)
  A merfolk avatar (Lair:5)
  A boulder beetle (D:12)
  Erica (D:11)
  9 hydras
  A centaur warrior (D:14)
  7 alligators
  10 anacondas
  A two-headed ogre (D:10)
  8 naga warriors
  5 naga sharpshooters
  9 death yaks
  7 orc high priests (Orc:2)
  7 shock serpents
  A salamander mystic (Snake:2)
  5 skeletal warriors
  5 goliath frogs
  2 swamp dragons
  3 spriggan druids
  5 bog bodies
  5 orc knights
  Pikel (D:7)
  2 obsidian statues (IceCv)
  A wizard (D:15)
  3 naga ritualists
  A lindwurm (Lair:5)
  7 mana vipers
  A necromancer (D:15)
  A deep elf zephyrmancer (D:15)
  A deep elf pyromancer (D:15)
  5 orc sorcerers
  13 ugly things
  3 will-o-the-wisps
  2 cyclopes
  6 manticores
  5 salamanders
  Maurice (D:13)
  31 black mambas
  21 elephants
  A black mamba (shapeshifter) (D:14)
  6 naga magi
  A rust devil (Orc:2)
  A molten gargoyle (Lair:2)
  8 cane toads
  Maggie (D:9)
  A guardian serpent (Snake:1)
  A centaur skeleton (D:15)
  2 unseen horrors (D:12)
  An efreet (D:15)
  3 kobold demonologists
  2 rime drakes (Lair:5)
  3 tengu conjurers
  11 komodo dragons
  An anaconda simulacrum (IceCv)
  14 freezing wraiths
  4 golden dragon simulacra (IceCv)
  A meliai (shapeshifter) (D:13)
  A red devil (Orc:2)
  3 trolls
  3 polar bears
  2 wind drakes (Lair:5)
  15 blink frogs
  14 slime creatures
  6 tyrant leeches
  17 hornets
  Sigmund (D:5)
  3 centaur simulacra (D:15)
  16 spriggans
  5 wraiths
  46 yaks
  A shadow (D:10)
  5 wyverns
  3 humans
  A ynoxinul (Orc:2)
  5 fire elementals
  A hog (Swamp:3)
  A neqoxec (Orc:2)
  A golden eye (shapeshifter) (D:14)
  A minotaur simulacrum (IceCv)
  13 vampire mosquitoes
  4 basilisks
  27 nagas
  2 swamp worm simulacra (Swamp:4)
  A redback simulacrum (D:14)
  5 wargs
  3 steam dragons
  2 harpy simulacra
  15 swamp worms
  2 acid dragons
  2 hell hounds (D:15)
  13 water moccasins
  14 hydra simulacra
  Duvessa (D:4)
  2 ettin simulacra (IceCv)
  2 black bears
  32 orc warriors
  2 ice beasts
  An alligator simulacrum (IceCv)
  7 ogres
  21 wolves
  A centaur (D:6)
  2 lemures (D:7)
  A phantom (D:4)
  A kobold brigand (D:6)
  2 necrophages
  16 bullfrogs
  A deep troll simulacrum (IceCv)
  A gnoll sergeant (D:9)
  7 scorpions
  A water moccasin zombie (Ossuary)
  Dowan (D:4)
  11 killer bees
  5 electric eels
  6 howler monkeys
  4 centaur zombies
  4 hounds
  A bullfrog zombie (Ossuary)
  28 orc priests
  4 gnoll boudas
  Terence (D:2)
  5 iguanas
  21 orc wizards
  13 hell rats
  3 killer bee zombies (Ossuary)
  A human simulacrum (D:10)
  16 mummies (Ossuary)
  2 howler monkey zombies (Ossuary)
  Robin (D:2)
  23 gnolls
  6 adders
  2 shadow imps (D:7)
  2 white imps
  An ufetubus (D:7)
  6 swamp drake simulacra (Swamp:4)
  A worm (D:2)
  2 dart slugs
  71 orcs
  7 endoplasms
  17 giant cockroaches
  16 goblins
  12 hobgoblins
  3 jackals (D:2)
  3 quokkas
  7 ball pythons
  2 bats
  9 frilled lizards (D:1)
  7 kobolds
  6 rats
  A fire vortex (Lair:2)
995 creatures vanquished.

Vanquished Creatures (collateral kills)
  3 reapers (IceCv)
  A demonspawn (Orc:2)
  An ice dragon (Swamp:4)
  A cane toad (Lair:5)
  A hornet (Lair:5)
  A wolf (Lair:1)
  A goblin (D:1)
9 creatures vanquished.

Vanquished Creatures (others)
  A ghost crab (Swamp:4)
  Sonja (D:12)
  A will-o-the-wisp (Swamp:4)
  An elephant (Lair:5)
  2 bloated husks
  A hornet (Swamp:4)
  2 spriggans
  An orc priest (Orc:1)
  An orc wizard (D:11)
  A human simulacrum (D:10)
  2 orcs (Orc:1)
  A butterfly (Lair:2)
  10 foxfires
  64 fungi
  87 plants
  7 withered plants (Ossuary)
183 creatures vanquished.

Grand Total: 1187 creatures vanquished

Notes
Turn   | Place    | Note
-------+----------+-------------------------------------------
     0 | D:1      | LabCoat the Hill Orc Fighter began the quest for the Orb.
     0 | D:1      | Reached XP level 1. HP: 19/19 MP: 1/1
    84 | D:1      | Reached skill level 3 in Axes
    87 | D:1      | Reached XP level 2. HP: 22/27 MP: 2/2
   731 | D:1      | Reached XP level 3. HP: 32/33 MP: 3/3
   893 | D:1      | Found a faded altar of an unknown god.
  1112 | D:2      | Noticed Robin
  1123 | D:2      | Reached skill level 4 in Axes
  1125 | D:2      | Reached XP level 4. HP: 17/40 MP: 4/4
  1127 | D:2      | Killed Robin
  1673 | D:2      | Noticed Terence
  1683 | D:2      | Killed Terence
  1684 | D:2      | Reached XP level 5. HP: 29/47 MP: 5/5
  2021 | D:2      | Found Emaoly Zai's Book Shop.
  2361 | D:3      | Found an iron altar of Okawaru.
  2363 | D:3      | Found a bloodstained altar of Trog.
  2363 | D:3      | Found a white marble altar of Elyvilon.
  2370 | D:3      | Became a worshipper of Trog the Wrathful
  2451 | D:3      | Reached skill level 5 in Axes
  2740 | D:3      | Reached XP level 6. HP: 53/53 MP: 6/6
  2779 | D:3      | Found Dirrab's Assorted Antiques.
  2791 | D:3      | Bought a shiny chain mail for 172 gold pieces
  3087 | D:4      | Identified a scroll of acquirement
  3087 | D:4      | Acquired a +0 pair of gloves of infusion
  3116 | D:4      | Reached skill level 5 in Fighting
  3116 | D:4      | Reached skill level 6 in Axes
  3298 | D:4      | Reached XP level 7. HP: 54/61 MP: 0/7
  3670 | D:4      | Found a sacrificial altar of Ru.
  3690 | D:4      | Noticed Duvessa
  3690 | D:4      | Noticed Dowan
  3695 | D:4      | Killed Dowan
  3707 | D:4      | Killed Duvessa
  3708 | D:4      | Reached skill level 1 in Throwing
  3708 | D:4      | Reached skill level 1 in Evocations
  3923 | D:4      | Found a staircase to the Ecumenical Temple.
  4044 | D:5      | Entered Level 5 of the Dungeon
  4070 | Temple   | Entered the Ecumenical Temple
  4263 | D:5      | Found a sand-covered staircase.
  4272 | Ossuary  | Entered an ossuary
  4292 | Ossuary  | Reached skill level 5 in Armour
  4295 | Ossuary  | Reached skill level 5 in Shields
  4312 | Ossuary  | Reached skill level 7 in Axes
  4403 | Ossuary  | Reached * piety under Trog
  4559 | Ossuary  | Reached XP level 8. HP: 67/69 MP: 3/8
  4770 | Ossuary  | Reached skill level 8 in Axes
  5206 | D:5      | Found a snail-covered altar of Cheibriados.
  5460 | D:5      | Noticed Sigmund
  5478 | D:5      | Killed Sigmund
  5578 | D:5      | Reached XP level 9. HP: 74/78 MP: 3/9
  5672 | D:5      | Reached ** piety under Trog
  5743 | D:5      | Reached skill level 9 in Axes
  7081 | D:6      | Identified the +2 trident of the Exiled Visionaries
                  | {vorpal, Will- Str+4 Int+4}
  7289 | D:6      | Reached skill level 10 in Axes
  7695 | D:7      | Found a transporter.
  7697 | D:7      | Noticed a kobold demonologist
  7716 | D:7      | Found a transporter.
  7785 | D:7      | Noticed Pikel
  7795 | D:7      | Killed Pikel
  7796 | D:7      | Reached XP level 10. HP: 78/86 MP: 3/10
  7903 | D:7      | Noticed a kobold demonologist
  9256 | D:8      | Reached skill level 11 in Axes
  9264 | D:8      | Reached *** piety under Trog
  9289 | D:8      | Reached skill level 5 in Evocations
  9667 | D:8      | Reached skill level 12 in Axes
  9672 | D:8      | Reached skill level 5 in Throwing
  9672 | D:8      | Reached XP level 11. HP: 78/95 MP: 0/11
  9890 | D:8      | Found a staircase to the Lair.
 10560 | Lair:1   | Entered Level 1 of the Lair of Beasts
 10562 | Lair:1   | Found a transporter.
 10928 | Lair:1   | Found a transporter.
 10941 | Lair:1   | Found the +0 pair of fencer's gloves {Riposte Dex+3}
 10944 | Lair:1   | Noticed a fire crab
 11900 | Lair:2   | Reached skill level 13 in Axes
 12873 | Lair:2   | Found a staircase to the Swamp.
 12901 | Lair:2   | Reached **** piety under Trog
 13734 | Lair:2   | Reached XP level 12. HP: 101/106 MP: 5/12
 14308 | Lair:2   | Acquired the +18 Lear's hauberk
 14308 | Lair:2   | Found the +18 Lear's hauberk
 14371 | Lair:3   | Reached skill level 14 in Axes
 14893 | Lair:3   | Reached skill level 10 in Fighting
 14899 | Lair:3   | Found a staircase to the Snake Pit.
 15091 | Lair:3   | Noticed a catoblepas
 15105 | Lair:3   | Killed a catoblepas
 15306 | Lair:3   | Found a glowing silver altar of Zin.
 16175 | Lair:4   | Reached skill level 15 in Axes
 16783 | Lair:4   | Reached ***** piety under Trog
 16784 | Lair:4   | Reached skill level 10 in Shields
 16950 | Lair:4   | Found a viscous altar of Jiyva.
 16954 | Lair:4   | Found a staircase to the Slime Pits.
 17210 | Lair:4   | Reached XP level 13. HP: 100/115 MP: 13/13
 17601 | Lair:5   | Entered Level 5 of the Lair of Beasts
 17622 | Lair:5   | Reached skill level 10 in Armour
 17909 | Lair:4   | Reached skill level 16 in Axes
 18466 | Lair:5   | Paralysed by a hornet for 3 turns
 18794 | Lair:5   | Reached skill level 17 in Axes
 19517 | Lair:5   | Reached XP level 14. HP: 52/126 MP: 14/14
 19924 | Lair:5   | Found a shimmering altar of Xom.
 20576 | Lair:5   | Reached skill level 18 in Axes
 21089 | Lair:5   | Identified the amulet "Boruuto" {Acrobat Dex+2}
 21114 | Lair:5   | Got Cituj's Directory of Ashen Rime
 21936 | D:9      | Noticed Maggie
 21950 | D:9      | Killed Maggie
 22423 | D:10     | Entered Level 10 of the Dungeon
 23020 | D:10     | Noticed Erolcha
 23033 | D:10     | Killed Erolcha
 23286 | D:11     | Received a gift from Trog
 23385 | D:11     | Acquired a +1 executioner's axe of flaming
 23419 | D:11     | Noticed Erica
 23436 | D:11     | Killed Erica
 23595 | D:11     | Noticed Gastronok
 24011 | D:11     | Killed Gastronok
 24070 | D:11     | Found a staircase to the Orcish Mines.
 24579 | Orc:1    | Entered Level 1 of the Orcish Mines
 24916 | Orc:1    | Reached skill level 10 in Evocations
 25085 | Orc:1    | Found Peoratz's Distillery.
 25346 | Orc:1    | Noticed Josephine
 25355 | Orc:1    | Reached ****** piety under Trog
 25356 | Orc:1    | Killed Josephine
 25551 | Orc:1    | Noticed Urug
 25553 | Orc:1    | Noticed Urug
 25553 | Orc:1    | Urug changed into Urug the spriggan
 25556 | Orc:1    | Killed Urug the spriggan
 25579 | Orc:2    | Entered Level 2 of the Orcish Mines
 25585 | Orc:2    | Found a staircase to the Elven Halls.
 25606 | Orc:2    | Received a gift from Trog
 25723 | Orc:2    | Reached skill level 19 in Axes
 26253 | Orc:2    | Found Goneut's General Store.
 26270 | Orc:2    | Found Emoorefro's Distillery.
 26546 | Orc:2    | Reached XP level 15. HP: 127/135 MP: 15/15
 26546 | Orc:2    | Gained mutation: You are clumsy. (Dex -2) [a neqoxec]
 26547 | Orc:2    | Gained mutation: You are very clumsy. (Dex -4) [a neqoxec]
 27244 | Orc:2    | Gained mutation: Your magical capacity is low. (-10% MP) [a
                  | neqoxec]
 27587 | Orc:2    | Received a gift from Trog
 27681 | Orc:2    | Found Jogaimmi's Antique Armour Boutique.
 27681 | Orc:2    | Found a one-way gate leading to the halls of Pandemonium.
 27681 | Orc:2    | Found Veulupig's Jewellery Shop.
 27685 | Orc:2    | Bought a ring of flight for 175 gold pieces
 27685 | Orc:2    | Bought an amulet of reflection for 300 gold pieces
 28358 | D:12     | Noticed Snorg
 28382 | D:12     | Killed Snorg
 28383 | D:12     | Reached skill level 20 in Axes
 28868 | D:12     | Noticed Sonja
 28875 | D:12     | Killed Sonja
 29499 | D:12     | Noticed Nessos
 29510 | D:12     | Killed Nessos
 29771 | D:13     | Noticed Rupert
 29831 | D:13     | Paralysed by Rupert for 4 turns
 29851 | D:13     | Killed Rupert
 30994 | D:13     | Noticed Maurice
 31007 | D:13     | Killed Maurice
 31614 | D:14     | Received a gift from Trog
 31630 | D:14     | Found a gate to the Vaults.
 32215 | D:14     | Found Ylirchur's Assorted Antiques.
 32220 | D:14     | Reached XP level 16. HP: 145/147 MP: 14/14
 32367 | D:14     | Found a radiant altar of Vehumet.
 32576 | D:14     | Reached skill level 21 in Axes
 32727 | D:14     | You fall into a shaft and drop 1 floor!
 32727 | D:15     | Entered Level 15 of the Dungeon
 32732 | D:15     | Noticed Azrael
 32749 | D:15     | Killed Azrael
 34303 | D:15     | Found a staircase to the Depths.
 34638 | Swamp:1  | Entered Level 1 of the Swamp
 34772 | Swamp:1  | Noticed Mlioglotl
 34777 | Swamp:1  | Noticed a tentacled starspawn
 34836 | Swamp:1  | Killed Mlioglotl
 34899 | Swamp:1  | Reached skill level 15 in Fighting
 34932 | Swamp:1  | Received a gift from Trog
 35438 | Swamp:1  | Reached skill level 22 in Axes
 36008 | Swamp:2  | Noticed a fenstrider witch
 36014 | Swamp:1  | Killed a fenstrider witch
 36214 | Swamp:2  | Identified the ring of Traps {rC+ rN+}
 36876 | Swamp:3  | Noticed a thorn hunter
 36885 | Swamp:3  | Killed a thorn hunter
 37014 | Swamp:3  | Reached XP level 17. HP: 108/156 MP: 15/15
 37326 | Swamp:3  | Noticed a tentacled monstrosity
 37333 | Swamp:3  | Killed a tentacled monstrosity
 37482 | Swamp:3  | Noticed Kirke
 37493 | Swamp:3  | Killed Kirke
 38488 | Swamp:4  | Entered Level 4 of the Swamp
 38580 | Swamp:4  | Reached skill level 23 in Axes
 38744 | Swamp:4  | Received a gift from Trog
 39606 | Swamp:4  | Got a decaying rune of Zot
 39929 | Orc:1    | Bought a potion of curing for 33 gold pieces
 39929 | Orc:1    | Bought a potion of curing for 33 gold pieces
 39929 | Orc:1    | Bought a potion of invisibility for 88 gold pieces
 39929 | Orc:1    | Bought a potion of resistance for 110 gold pieces
 39929 | Orc:1    | Bought a potion of might for 44 gold pieces
 39929 | Orc:1    | Bought 2 potions of curing for 66 gold pieces
 40106 | D:3      | Bought a scroll of teleportation for 69 gold pieces
 40106 | D:3      | Bought a potion of heal wounds for 115 gold pieces
 40296 | Orc:2    | Bought a potion of might for 60 gold pieces
 40296 | Orc:2    | Bought 2 potions of heal wounds for 150 gold pieces
 40296 | Orc:2    | Bought 2 potions of might for 120 gold pieces
 40296 | Orc:2    | Bought 2 potions of might for 120 gold pieces
 40329 | Orc:2    | Bought a ring of protection from fire for 250 gold pieces
 40335 | Orc:2    | Upgraded the game from 0.29.0-15-g675c0067aa to 0.29.1
 40561 | Snake:1  | Entered Level 1 of the Snake Pit
 40587 | Lair:3   | HP: 6/158 [poisoned by a naga mage (bolt of poison)]
 41096 | Snake:1  | Noticed Louise
 41101 | Snake:1  | Killed Louise
 41229 | Snake:1  | Received a gift from Trog
 41712 | Snake:1  | Reached skill level 15 in Shields
 42135 | Snake:1  | Reached skill level 15 in Armour
 43690 | Snake:2  | Reached skill level 24 in Axes
 44420 | Snake:2  | Reached XP level 18. HP: 168/168 MP: 16/16
 44735 | Snake:3  | Found a transporter.
 44735 | Snake:3  | Found a transporter.
 45844 | Snake:3  | Noticed Zeus21348's ghost (adept HOFi)
 45853 | Snake:3  | Found a bloodstained altar of Trog.
 47486 | Snake:4  | Entered Level 4 of the Snake Pit
 47500 | Snake:4  | Found a frozen archway.
 47536 | IceCv    | Entered an ice cave
 47786 | IceCv    | Gained mutation: Armour fits poorly on your strangely
                  | shaped body. [a neqoxec]
 47856 | IceCv    | Received a gift from Trog
 48886 | Snake:4  | HP: 3/255 [guardian serpent/bolt of poison (16)]
 48887 | Snake:4  | Succumbed to a guardian serpent's bolt of poison

Illustrated notes

Levels and vault maps discovered:
D:1:      dpeg_arrival_tiny_d, layout_loops_ring,
          hellmonk_ecumenical_altar_leap_of_faith, minmay_lizard_pond
D:2:      minmay_roachtagon, layout_basic, serial_shops,
          nicolae_shop_waterfront, uniq_terence, uniq_robin
D:3:      layout_loops_ring, gammafunk_temple_overflow_forgotten, serial_shops,
          nicolae_lakefront_shop
D:4:      layout_basic, nicolae_ru_the_path_less_chosen,
          minmay_temple_entry_trees, uniq_duvessa
D:5:      layout_loops_cross, mainiacjoe_overflow_24_doors,
          lightli_ossuary_entry_decrepit_ruins, uniq_sigmund
D:6:      layout_loops_ring, minmay_diced_spiral
D:7:      gammafunk_wand_slinger, layout_basic, grunt_ogre_cave, uniq_pikel
D:8:      layout_basic, grunt_lair_entry_orc_guard_hut, dk_rats_in_the_wall
D:9:      layout_big_octagon, uniq_maggie
D:10:     layout_gridville, bh_circular_ruins, uniq_erolcha
D:11:     layout_cave_pods, erik_orc_4, uniq_erica, uniq_gastronok
D:12:     layout_gridville, uniq_snorg, uniq_sonja, uniq_nessos
D:13:     layout_loops_cross, serial_bayou_pond_b, columned_hall_lemuel,
          chequers_serial_rivers_small_3, uniq_maurice, uniq_rupert
D:14:     layout_layer_cave, erik_vaults_2, serial_shops, shop,
          nicolae_vehumet_radiance, hangedman_abyss_or_decor_lesser_grid
D:15:     grunt_enter_depths_magical_seal, layout_cave_pools,
          chequers_mini_garden, uniq_azrael
Temple:   sentei_temple_godly_chess
Lair:1:   gammafunk_cloud_chamber, layout_regular_city, gauntlet_entry_generic,
          grunt_megastairs_1
Lair:2:   layout_gridlike, minmay_swamp_entry_swarm, lemuel_fruit_fields
Lair:3:   layout_cave_pods, minmay_snake_entry_guardpost_medium, basic_altar
Lair:4:   layout_cave_pods, dpeg_slime_entry_corner
Lair:5:   gammafunk_lair_ancient_temple, layout_regular_city, basic_altar,
          infiniplex_staircase_pool_2, lemuel_fruit_tree
Swamp:1:  layout_falls_marsh, nicolae_swamp_ascending_descending_big,
          infiniplex_staircase_pool, uniq_mlioglotl
Swamp:2:  layout_basic_swamp, evilmike_swamp_ruin_house_3
Swamp:3:  layout_basic_swamp, evilmike_swamp_ruin_house_2, uniq_kirke
Swamp:4:  swamp_icy, layout_basic_swamp
Snake:1:  layout_onion_interference, grunt_megastairs_4, uniq_louise
Snake:2:  layout_grid_maze
Snake:3:  layout_layer_cave, gammafunk_ghost_wrathful_warriors,
          nicolae_triple_integral
Snake:4:  grunt_snake_rune_pools, layout_chambers,
          portal_ice_cave_entry_frozen_things, basic_altar, serial_shops, shop
Orc:1:    layout_caves, serial_shops, shop, nooodl_orcs_dogs, uniq_urug,
          uniq_josephine
Orc:2:    pf_orc_diabolical, layout_diamond_mine

Skill      XL: |  1  2  3  4  5  6  7  8  9 10 11 12 13 14 15 16 17 18 |
---------------+-------------------------------------------------------+-----
Axes           | 3 4 5 6 7 8 10 12 13 15 17 19 20 22 24 | 24.0
Fighting       | 4 5 6 7 8 9 10 12 13 14 15 16 17 | 17.6
Armour         | 4 5 6 7 8 9 11 12 13 14 15 | 15.7
Shields        | 4 5 7 9 10 11 12 13 14 15 | 15.8
Throwing       | 1 2 4 5 |  5.1
Evocations     | 1 3 4 5 6 7 9 10 | 10.6

Action                   |  1- 3 |  4- 6 |  7- 9 | 10-12 | 13-15 | 16-18 || total
-------------------------+-------+-------+-------+-------+-------+-------++-------
Melee: War axe           |    91 |   150 |   397 |   629 |  1050 |       ||  2317
       Flail             |       |       |       |       |   136 |    18 ||   154
       Broad axe         |       |       |       |       |   128 |   115 ||   243
       Battleaxe         |       |       |       |       |    91 |   378 ||   469
       Punch             |       |       |       |       |     2 |       ||     2
       Executioner's axe |       |       |       |       |       |   414 ||   414
       Morningstar       |       |       |       |       |       |     2 ||     2
Throw: Dart              |       |     1 |    19 |    29 |    17 |       ||    66
       Boomerang         |       |       |       |    14 |    88 |    90 ||   192
       Throwing net      |       |       |       |     2 |       |       ||     2
       Javelin           |       |       |       |     5 |    13 |       ||    18
Invok: Berserk           |       |       |     2 |     6 |    10 |     5 ||    23
       Trog's Hand       |       |       |       |       |     7 |     3 ||    10
       Brothers in Arms  |       |       |       |       |       |     2 ||     2
Evoke: Wand              |       |     2 |       |    34 |    39 |    46 ||   121
       Lightning rod     |       |       |       |       |       |    10 ||    10
  Use: Scroll            |     6 |     5 |     9 |     9 |    16 |     7 ||    52
       Potion            |     3 |       |     4 |     5 |    11 |    12 ||    35
 Stab: Invisible         |       |       |       |     1 |     8 |       ||     9
       Distracted        |       |       |       |       |       |     5 ||     5
Armor: Scale mail        |    37 |    45 |       |       |       |       ||    82
       Skin              |     3 |     2 |       |       |       |       ||     5
       Chain mail        |       |    21 |   208 |   411 |   975 |   578 ||  2193
       Plate armour      |       |       |       |    53 |       |       ||    53
Dodge: Dodged            |    44 |    68 |   122 |   258 |   420 |   269 ||  1181
Block: Buckler           |    29 |    43 |   110 |   228 |   483 |       ||   893
       Other             |       |       |       |       |    14 |   148 ||   162
       Reflection        |       |       |       |       |     4 |    15 ||    19
       Tower shield      |       |       |       |       |       |    90 ||    90
       Kite shield       |       |       |       |       |       |     4 ||     4
